 Dungeon Crawl Stone Soup version 0.30-a0-585-g93115170b9 (webtiles) character file.

Game seed: 17590473221619820176

2 Citaku the Shield-Bearer (level 1, 17/18 HPs)
             Began as a Human Fighter on Jan 2, 2023.
             Got out of the dungeon alive.
             The game lasted 00:00:32 (78 turns).

Citaku the Shield-Bearer (Human Fighter)              Turns: 78, Time: 00:00:33

Health: 17/18      AC:  6    Str: 16    XL:     1   Next: 44%
Magic:  1/1        EV:  8    Int:  8    God:
Gold:   18         SH:  4    Dex: 12    Spells: 0/0 levels left

rFire   . . .      SeeInvis .    a - +0 rapier
rCold   . . .      Faith    .    c - +0 buckler
rNeg    . . .      Spirit   .    b - +0 scale mail
rPois   .          Reflect  .    (no helmet)
rElec   .          Harm     .    (no cloak)
rCorr   .          Rampage  .    (no gloves)
Will    .....                    (no boots) Stlth
                                 (no amulet)
HPRegen 0.23/turn                (no ring)
MPRegen 0.07/turn                (no ring)

@: no status effects
A: no striking features
a: no special abilities


You escaped.
You visited 1 branch of the dungeon, and saw 1 of its levels.

You collected 18 gold pieces.

Inventory:

Hand Weapons
 a - a +0 rapier (weapon)
Armour
 b - a +0 scale mail (worn)
 c - a +0 buckler (worn)
Potions
 d - a potion of might


   Skills:
 + Level 3.0 Fighting
 + Level 2.0 Short Blades
 + Level 3.0 Armour
 + Level 3.0 Shields


You couldn't memorise any spells.
You didn't know any spells.
Your spell library was empty.

Dungeon Overview and Level Annotations

Branches:
Dungeon (1/15)

Altars:


Message History

A kobold is nearby!
The kobold hits you with a +0 short sword.
You closely miss the kobold. The kobold hits you but does no damage.
You hit the kobold.
You kill the kobold!
A goblin comes into view. It is wielding a +0 club.
Found a stone staircase leading down.
The goblin hits you but does no damage.
Things that are here:
a +0 short sword; 3 stones; a kobold corpse The goblin completely misses you.
You hit the goblin but do no damage. The goblin hits you with a +0 club.
You puncture the goblin!
You kill the goblin!
You see here a +0 club.
HP restored.
A goblin comes into view. It is wielding a +0 dagger.
Found a ruby ring.
The goblin shouts!
A goblin is nearby!
Unknown command.
Unknown command.
Unknown command.
You see here a +0 club.
There is a stone staircase leading down here.
Why would you want to do that?
There is a staircase leading out of the dungeon here.
Why would you want to do that? Why would you want to do that?
You hit the goblin.
The goblin is heavily wounded.
The goblin hits you but does no damage. Why would you want to do that?
Why would you want to do that?
A goblin is nearby!
Why would you want to do that? The goblin hits you with a +0 dagger.
There is a staircase leading out of the dungeon here.
Are you sure you want to leave the Dungeon?
This will make you lose the game! The goblin hits you but does no damage.
You have escaped!

.#.#.# #.#.#
.#.#.###.#.#
.#.#.#...#g# #######
.#.#.#.###.# #§§§≈§# #
.#.#.#.# #.# #≈§§§§# )#
.#.#.#.###.###≈≈§§≈##.#
...#.#.........≈≈§....#
#####.#.8.g...8..#
#.#....@.....#
#......8.....#
#.#..........#
#.##.......#.#
#.###..8..#.... #.#
##...##..### #.# ##....
..# #.# ##..#. .# #..
.#.# .#


You could see a goblin.

Vanquished Creatures
  A goblin (D:1)
  A kobold (D:1)
2 creatures vanquished.

Notes
Turn   | Place    | Note
-------+----------+-------------------------------------------
     0 | D:1      | Citaku the Human Fighter began the quest for the Orb.
     0 | D:1      | Reached XP level 1. HP: 18/18 MP: 1/1
    78 | D:$      | Got out of the dungeon alive.

Illustrated notes

Levels and vault maps discovered:
D:1:      grunt_arrival_lava_bath, layout_basic,
          hellmonk_ecumenical_altar_run_dry

Action                   || total
-------------------------++-------
Melee: Rapier            ||     5
Armor: Scale mail        ||     4
Dodge: Dodged            ||     2

Table legend: (Time is in decaauts)
 A = Elapsed time spent in this place.
 B = Non-inter-level travel time spent in this place.
 C = Inter-level travel time spent in this place.
 D = Time resting spent in this place.
 E = Time spent auto-exploring this place.
 F = Levels seen in this place.
 G = Mean time per level.
                   A        B        C        D        E       F      G
               +--------+--------+--------+--------+--------+-----+--------+
         Total |     78 |     78 |      0 |      0 |     34 |   1 |   78.0 |
       Dungeon |     78 |     78 |      0 |      0 |     34 |   1 |   78.0 |
               +--------+--------+--------+--------+--------+-----+--------+

Top non-repeatable levels by time:
     D:1: 78 daAuts
